Map: World of Sleepers LE

Players

Solidmore - Winner!

  • Race: Zerg Zerg
  • League: Diamond
  • Spawn Location: 1:00

Mez

  • Race: Zerg Zerg
  • League: Master
  • Spawn Location: 7:00

VOD

Have the link to the VOD?

Description

Time

  • Played on: Aug. 23, 2019, 9:31 p.m.
  • Length: 11:12
Show
View Real Time Build Order
Export as new Build Order

Solidmore Zerg - Winner!

Build Orders: Hatch First 

Get SALT Encoding   

  12  0:01  Drone  
  13  0:13  Overlord  
  13  0:16  Drone  
  14  0:31  Drone x2  
  14  0:35  Drone  
  17  0:52  Hatchery  
  17  0:55  Drone  
  17  1:11  Spawning Pool  
  16  1:12  Drone  
  16  1:15  Drone  
  18  1:22  Drone  
  19  1:28  Drone  
  20  1:33  Extractor  
  19  1:58  Zergling x2  
  19  1:59  Zergling x2  
  21  2:03  Zergling x2, Queen  
  24  2:14  Zergling x4  
  26  2:19  Zergling x2  
  23  2:30  Zergling x4  
  24  2:47  Queen  
  26  2:58  Drone  
  27  3:21  Drone  
  27  3:22  Overlord x3  
  27  3:40  Drone x6  
  30  3:52  Drone x2  
  31  4:04  Drone x2  
  32  4:15  Evolution Chamber  
  31  4:17  Roach Warren  
  31  4:18  Drone  
  31  4:19  Evolution Chamber, Drone  
  31  4:32  Drone x2  
  31  4:33  Queen  
  23  5:00  Roach  
  23  5:01  Roach x5  
  34  5:15  Drone x3  
  37  5:26  Drone  
  37  5:27  Drone  
  39  5:30  Lair, Queen  
  39  5:35  Drone  
  40  5:36  Drone  
  40  5:41  Zerg Missile Weapons Level 1  
  41  5:45  Drone  
  41  5:47  Drone  
  43  5:50  Drone  
  43  5:52  Drone  
  45  6:09  Drone x4  
  45  6:11  Extractor  
  48  6:12  Extractor  
  47  6:20  Drone  
  47  6:22  Drone x2  
  50  6:27  Overlord x3  
  50  6:30  Glial Reconstitution  
  50  6:41  Drone x2  
  50  6:46  Drone  
  50  6:47  Drone x4  
  55  6:53  Drone  
  58  7:07  Roach x5  
  68  7:16  Overseer  
  68  7:24  Roach x2  
  72  7:31  Extractor  
  72  7:46  Hatchery  
  72  7:48  Roach x2  
  72  7:50  Overlord x5  
  75  7:51  Zerg Missile Weapons Level 2  
  75  7:53  Zerg Ground Armor Level 1  
  75  8:05  Overlord x3  
  75  8:06  Overlord  
  75  8:09  Extractor  
  74  8:15  Drone x2  
  74  8:18  Roach  
  74  8:19  Roach  
  80  8:31  Roach x4  
  88  8:35  Hydralisk Den  
  87  8:48  Roach x6  
  99  8:57  Drone x4  
  99  8:59  Drone  
  94  9:25  Grooved Spines  
  94  9:26  Roach x9  
  94  9:29  Drone x2  
  114  9:42  Hydralisk x4  
  114  9:44  Hydralisk  
  124  9:47  Hydralisk  
  126  10:02  Roach x6  
  136  10:21  Drone x8  
  142  10:23  Extractor  
  142  10:24  Extractor  
  142  10:26  Hydralisk  
  144  10:36  Hydralisk  
  144  10:37  Hydralisk x2  
  140  10:52  Roach x4  
Show
View Real Time Build Order
Export as new Build Order

Mez Zerg 

Build Orders: Pool First 

Get SALT Encoding   

  12  0:18  Spawning Pool  
  11  0:22  Drone  
  12  0:31  Drone  
  12  0:32  Drone  
  14  0:46  Overlord  
  14  1:04  Zergling x2  
  14  1:05  Zergling x2  
  14  1:06  Zergling x2  
  19  1:19  Zergling x2  
  20  1:27  Zergling x2  
  21  1:39  Overlord  
  21  1:42  Spine Crawler  
  21  1:44  Spine Crawler  
  21  1:46  Spine Crawler  
  17  2:03  Spine Crawler  
  17  2:05  Zergling x2  
  17  2:14  Zergling x2  
  17  2:16  Queen  
  17  2:21  Zergling x4  
  17  2:47  Hatchery  
  17  2:48  Drone x2  
  17  2:51  Extractor  
  17  2:59  Zergling x2  
  17  3:15  Zergling x4  
  16  3:41  Zergling x6  
  19  3:49  Drone  
  19  3:55  Drone  
  21  3:56  Overlord  
  21  4:10  Queen  
  21  4:14  Metabolic Boost  
  23  4:17  Drone x2  
  25  4:35  Drone x3  
  25  4:36  Drone  
  28  4:45  Drone x2  
  27  5:08  Drone x6  
  33  5:26  Roach Warren  
  33  5:28  Drone x4  
  36  5:30  Overlord  
  36  5:44  Overlord x2  
  36  5:59  Drone x8  
  36  6:01  Overlord  
  42  6:08  Lair  
  42  6:12  Extractor  
  42  6:15  Extractor  
  40  6:38  Roach x2  
  40  6:39  Roach x7  
  58  6:44  Extractor  
  57  6:54  Drone x2  
  57  6:55  Drone x2  
  61  7:18  Glial Reconstitution  
  63  7:30  Roach x3  
  63  7:31  Overlord x3  
  63  7:33  Overlord, Hatchery  
  66  7:37  Hatchery  
  65  8:03  Roach x10  
  85  8:17  Overseer  
  85  8:28  Evolution Chamber  
  85  8:30  Drone x8  
  85  8:31  Evolution Chamber  
  91  8:50  Queen  
  91  8:52  Queen  
  95  8:58  Drone x8  
  91  9:15  Roach x7  
  91  9:17  Overlord  
  93  9:52  Roach x10  
  115  9:53  Roach  
  108  10:13  Roach x8  
  115  10:25  Extractor  
  115  10:26  Extractor  
  113  10:32  Overlord  
  113  10:33  Overlord x4  
Tags
 
Add a new tag
Caveats
  • Supply blocks, unpowered buildings, or Contaminate may cause inaccurate times.
  • Supply counts are checked every 10 seconds.